 Dungeon Crawl Stone Soup version 0.19-b1-5-gdc9fa9d (webtiles) character file.

2971 sugabear the Martial Artist (level 9, 0/68 (69) HPs)
             Began as a Pale Draconian Transmuter on Oct 31, 2016.
             Was a Follower of Cheibriados.
             Slain by Placid's ghost (9 damage)
             ... on level 7 of the Dungeon.
             The game lasted 00:17:04 (8382 turns).

sugabear the Martial Artist (DrTm)                  Turns: 8382, Time: 00:17:05

HP:   0/68 (69)     AC:  3    Str: 19    XL:     9   Next: 53%
MP:   14/15         EV: 21    Int: 20    God:    Cheibriados [*.....]
Gold: 428           SH:  3    Dex: 20    Spells: 4 memorised, 3 levels left

rFire  . . .     SeeInvis .       - Unarmed
rCold  . . .     Gourm    .     (armour unavailable)
rNeg   . . .     Faith    .     (shield currently unavailable)
rPois  x         Spirit   .     (helmet currently unavailable)
rElec  .         Reflect  +     (cloak currently unavailable)
rCorr  .         Harm     .     (gloves currently unavailable)
MR     .....                    (boots currently unavailable)
Stlth  +++.......               v - +3 amulet of reflection
                                C - +1 ring of protection
                                x - +4 ring of strength

@: spider-form (expiring), drained, very slow
A: (breathe steam), unfitting armour, (cold-blooded), AC +7
a: End Transformation, Bend Time, Renounce Religion


You were on level 7 of the Dungeon.
You worshipped Cheibriados.
Cheibriados was aware of your devotion.
You were not hungry.
You were a venomous arachnid creature.
You visited 2 branches of the dungeon, and saw 9 of its levels.

You collected 428 gold pieces.

Inventory:

Missiles
 a - 134 arrows
Rods
 y - a +1 iron rod (10/10)
   (You found it on level 5 of the Dungeon)
Jewellery
 o - an uncursed ring of fire
 v - a +3 amulet of reflection (around neck)
 x - a +4 ring of strength (left front leg)
 C - a +1 ring of protection (right front leg)
Wands
 B - a wand of random effects (44/48)
Scrolls
 f - 4 scrolls of teleportation
 l - 3 scrolls of remove curse
 p - 5 scrolls of magic mapping
 r - 4 scrolls of identify
Potions
 e - 3 potions of curing
 g - 2 potions of degeneration {unknown}
 h - a potion of magic {unknown}
 i - 2 potions of ambrosia
 j - a potion of cure mutation {unknown}
 m - a potion of berserk rage {unknown}
 n - a potion of invisibility {unknown}
 q - 2 potions of mutation {unknown}
 u - a potion of might {unknown}
 w - a potion of brilliance {unknown}
 z - a potion of agility {unknown}
 A - 4 potions of heal wounds {unknown}
 E - 2 potions of flight {unknown}
 G - a potion of lignification {unknown}
Books
 b - a book of Changes

   Spells                             Type                      Level
   a - Beastly Appendage              Transmutation                1
   b - Sticks to Snakes               Transmutation                2
   c - Spider Form                    Transmutation/Poison         3
   d - Ice Form                       Ice/Transmutation            4
   e - Blade Hands                    Transmutation                5
 s - a book of Geomancy

   Spells                             Type                      Level
   a - Sandblast                      Earth                        1
   b - Passwall                       Transmutation/Earth          2
   c - Stone Arrow                    Conjuration/Earth            3
   d - Petrify                        Transmutation/Earth          4
   e - Lee's Rapid Deconstruction     Earth                        5
 t - Mererghamo's Compendium of Twisted Calling
   (You found it on level 5 of the Dungeon)

   Spells                             Type                      Level
   a - Summon Small Mammal            Summoning                    1
   b - Teleport Other                 Translocation                3
   c - Summon Mana Viper              Hexes/Summoning              5
   d - Controlled Blink               Translocation                8
 D - a book of Cantrips

   Spells                             Type                      Level
   a - Confusing Touch                Hexes                        1
   b - Animate Skeleton               Necromancy                   1
   c - Summon Small Mammal            Summoning                    1
   d - Apportation                    Translocation                1
Comestibles
 c - 5 bread rations
 d - 6 fruits
 k - 6 meat rations
 F - a beef jerky


   Skills:
 + Level 3.0(2.0) Fighting
 + Level 4.0(3.0) Dodging
 + Level 3.8(2.8) Stealth
 + Level 8.4(7.2) Unarmed Combat
 + Level 4.4(3.3) Spellcasting
 + Level 5.1(4.0) Transmutations
 + Level 5.0(3.9) Ice Magic
 + Level 1.9(0.9) Poison Magic


You had 3 spell levels left.
You knew the following spells:

 Your Spells              Type           Power        Failure   Level  Hunger
a - Beastly Appendage     Tmut           ###...       10%         1    None
b - Spider Form           Tmut/Pois      ##........   36%         3    ###....
c - Ice Form              Ice/Tmut       ###.....     52%         4    ####...
d - Blade Hands           Tmut           ###.......   93%         5    ######.


Dungeon Overview and Level Annotations

Branches:
Dungeon (8/15)             Temple (1/1) D:6
   Lair: D:8-11

Altars:
Ashenzari
Cheibriados
Dithmenos
Fedhas
Gozag
Hepliaklqana
Kikubaaqudgha
Makhleb
Nemelex Xobeh
Okawaru
Qazlal
Sif Muna
Uskayaw
Vehumet
Xom
Yredelemnul
Zin
The Shining One

Annotations:
D:7 Placid's ghost, novice DrFi


Innate Abilities, Weirdness & Mutations

((You can breathe blasts of scalding, opaque steam.))
((Your pale cyan-grey scales are hard. (AC +7)))
You cannot fit into any form of body armour.
((You are cold-blooded and may be slowed by cold attacks.))


Message History

* * * LOW HITPOINT WARNING * * *
Placid's ghost burns you.
* * * LOW HITPOINT WARNING * * *
Unknown command.
You hit Placid's ghost.
Placid's ghost is lightly damaged.
Placid's ghost misses you.
You barely miss Placid's ghost.
Placid's ghost is lightly damaged.
Placid's ghost breathes negative energy at you.
The bolt of negative energy misses you.
Unknown command.
You fail to use your ability.
Placid's ghost hits you.
* * * LOW HITPOINT WARNING * * *
Placid's ghost burns you.
* * * LOW HITPOINT WARNING * * *
Your transformation is almost over.
Placid's ghost closely misses you. Placid's ghost hits you!
You die...

....(................>.
...###.#.#.##.#..#####
...#....#.#...# #. ##########
#####.#....#.#...####. .........#
#...#.#....#.#........ .........#
#.#.###....#.#...####.
.........###.#...#....#.#........
.................W....#.##..####.
...........#.#..s#..###.##..# ##
...........#.#......# #.##..#
..##'##....#.#......# #.##..#
#.##......#......###.##..#
#.####....#...#..#.......#
###................#.#.##.##
#....................#.##.#
##.#.........###.###..#.##.#
##.#.........###+###..#.##.#


You could see Placid's ghost.

Vanquished Creatures
  The ghost of shinino the Cruncher, a novice MiGl (D:6)
  A two-headed ogre (D:8)
  A wyvern (D:8)
  2 orc warriors
  An ice beast (D:6)
  A phantom (D:5)
  A necrophage (D:5)
  2 ogres (D:6)
  A centaur (D:5)
  4 bullfrogs (D:6)
  3 scorpions (D:6)
  3 wights (D:7)
  A howler monkey (D:5)
  2 bullfrog zombies (D:5)
  A quasit (D:6)
  2 bullfrog skeletons
  2 centaur skeletons (D:4)
  3 hounds
  An orc priest (D:4)
  5 orc wizards
  Jessica (D:2)
  2 iguanas
  5 worker ants
  2 hound skeletons
  13 adders
  An ooze (D:3)
  2 adder skeletons
  2 worms
  A dart slug (D:1)
  9 leopard geckos
  26 orcs
  2 ball pythons
  6 bats
  A bat zombie (D:7)
  4 giant cockroaches
  8 goblins
  3 hobgoblins
  8 jackals
  6 quokkas
  4 frilled lizards
  A jackal skeleton (D:5)
  4 kobolds
  2 leopard gecko skeletons
  A quokka skeleton (D:5)
  A quokka zombie (D:5)
  6 rats
  A rat zombie (D:7)
160 creatures vanquished.

Vanquished Creatures (others)
  4 plants (D:5)
4 creatures vanquished.

Grand Total: 164 creatures vanquished

Notes
Turn   | Place    | Note
-------+----------+-------------------------------------------
     0 | D:1      | sugabear the Draconian Transmuter began the quest for the Orb.
     0 | D:1      | Reached XP level 1. HP: 16/16 MP: 3/3
   226 | D:1      | Reached XP level 2. HP: 17/23 MP: 3/5
   614 | D:2      | Reached XP level 3. HP: 6/28 MP: 4/6
  1037 | D:2      | Found a basalt altar of Yredelemnul.
  1071 | D:2      | Noticed Jessica
  1083 | D:2      | Killed Jessica
  1083 | D:2      | Reached skill level 1 in Stealth
  1485 | D:2      | Reached XP level 4. HP: 30/35 MP: 5/7
  1658 | D:2      | Found a shattered altar of Ashenzari.
  1971 | D:3      | Reached skill level 4 in Unarmed Combat
  2012 | D:3      | Learned a level 3 spell: Spider Form
  2863 | D:3      | Reached XP level 5. HP: 39/40 MP: 9/9
  3171 | D:4      | HP: 2/40 [adder (5)]
  3553 | D:4      | Found a shadowy altar of Dithmenos.
  3623 | D:4      | Reached XP level 6. HP: 20/47 MP: 6/10
  3778 | D:4      | Learned a level 4 spell: Ice Form
  4009 | D:5      | Entered Level 5 of the Dungeon
  4016 | D:5      | Reached skill level 1 in Poison Magic
  4165 | D:5      | Reached skill level 5 in Unarmed Combat
  4549 | D:5      | Reached skill level 1 in Ice Magic
  4577 | D:5      | Your scales start taking on a pale cyan-grey colour.
  4577 | D:5      | Reached XP level 7. HP: 33/52 MP: 8/12
  4597 | D:5      | Identified Mererghamo's Compendium of Twisted Calling
  5413 | D:6      | Noticed shinino's ghost (novice MiGl)
  5438 | D:5      | HP: 3/62 [bullfrog zombie (4)]
  5440 | D:5      | Reached skill level 6 in Unarmed Combat
  5857 | D:6      | Found a staircase to the Ecumenical Temple.
  5903 | Temple   | Entered the Ecumenical Temple
  6110 | Temple   | Became a worshipper of Cheibriados the Contemplative
  6137 | D:6      | Reached XP level 8. HP: 61/61 MP: 9/13
  6642 | D:6      | Reached skill level 7 in Unarmed Combat
  6691 | D:6      | Killed shinino's ghost
  6691 | D:6      | Reached XP level 9. HP: 46/67 MP: 11/15
  6972 | D:6      | Reached * piety under Cheibriados
  7387 | D:7      | Reached skill level 8 in Unarmed Combat
  7438 | D:7      | You fall through a shaft!
  7593 | D:7      | Learned a level 5 spell: Blade Hands
  7674 | D:7      | Reached skill level 5 in Transmutations
  7681 | D:7      | Reached skill level 5 in Ice Magic
  7944 | D:7      | Found an ancient bone altar of Kikubaaqudgha.
  8367 | D:7      | Noticed Placid's ghost (novice DrFi)
  8382 | D:7      | Slain by Placid's ghost

Skill      XL: |  1  2  3  4  5  6  7  8  9 |
---------------+----------------------------+-----
Dodging        | 2 3 4 |  4.0
Stealth        | 1 2 3 |  3.8
Unarmed Combat | 4 5 6 7 8 |  8.4
Spellcasting   | 3 4 |  4.4
Transmutations | 3 4 5 |  5.1
Poison Magic   | 1 |  1.9
Ice Magic      | 1 2 4 5 |  5.0
Fighting       | 2 3 |  3.0

Action                   |  1- 3 |  4- 6 |  7- 9 || total
-------------------------+-------+-------+-------++-------
Melee: Unarmed           |    96 |   186 |   276 ||   558
       Tailslap          |    11 |    15 |     4 ||    30
       Kick              |     4 |     6 |     7 ||    17
       Headbutt          |     2 |     2 |     1 ||     5
       Punch             |       |     2 |     1 ||     3
 Cast: Beastly Appendage |    15 |    15 |     2 ||    32
       Spider Form       |       |    10 |    12 ||    22
       Ice Form          |       |       |    13 ||    13
       Blade Hands       |       |       |     1 ||     1
 Abil: Breathe Steam     |       |       |     6 ||     6
       End Transformatio |       |       |     1 ||     1
Evoke: Rod               |       |       |     1 ||     1
  Use: Potion            |       |     1 |       ||     1
       Scroll            |       |    11 |       ||    11
 Stab: Sleeping          |       |     2 |     6 ||     8
  Eat: Chunk             |     2 |    11 |    13 ||    26
       Royal jelly       |       |       |     1 ||     1
       Beef jerky        |       |       |     1 ||     1
Armor: Skin              |    32 |    41 |    67 ||   140
Dodge: Dodged            |    54 |   126 |   161 ||   341
Block: Other             |       |    13 |    19 ||    32
